 Dungeon Sprint DCSS version 0.24-a0-244-ga6a6ab7 (webtiles) character file.

Game seed: 922080369307127694

808 MikeHunt the Carver (level 7, 0/62 HPs)
             Began as a Naga Fighter on Apr 12, 2019.
             Slain by a human
             ... wielding a +0 hand axe
              (16 damage)
             ... in the Dungeon (Sprint III: "The Ten Rune Challenge").
             The game lasted 00:04:22 (960 turns).

MikeHunt the Carver (Naga Fighter)                   Turns: 960, Time: 00:04:23

Health: 0/62       AC:  5    Str: 23    XL:     7   Next: 92%
Magic:  7/7        EV:  7    Int:  6    God:
Gold:   24         SH: 16    Dex: 13    Spells: 6/6 levels left

rFire    + . .     SeeInvis +   d - +0 long sword (holy)
rCold    . . .     Gourm    .   c - +0 shield
rNeg     . . .     Faith    .   b - +0 scale mail
rPois    +         Spirit   .   (no helmet)
rElec    .         Reflect  .   (no cloak)
rCorr    .         Harm     .   (no gloves)
MR       .....     NoTele   +   (no barding)
Stlth    ..........             (no amulet)
HPRegen  0.20/turn              (no ring)
MPRegen  0.10/turn              (no ring)

@: mighty, hasted (expiring), quick
A: large, large bone plates 1, see invisible, deformed body, dopey 1, fire
resistance 1, poison resistance, slowness 2, slow metabolism 1, spit poison 1,
evolution 1, AC +2
a: Spit Poison


You were in the Dungeon.
You were not hungry.

You visited 1 branch You collected 24 gold pieces.

Inventory:

Hand Weapons
 a - a +0 long sword
 d - a +0 long sword of holy wrath (weapon)
Armour
 b - a +0 scale mail (worn)
 c - a +0 shield (worn)
Scrolls
 k - a scroll of blinking
 l - a scroll of magic mapping {unknown}
 n - a scroll of torment {unknown}
 o - 3 scrolls of identify
 p - 3 scrolls of remove curse
 r - 3 scrolls of immolation {unknown}
Potions
 i - 3 potions of magic
 m - 2 potions of mutation
 q - 2 potions of ambrosia {unknown}
Comestibles
 f - 4 rations


   Skills:
 - Level 3.0 Fighting
 + Level 12.0 Long Blades
 - Level 2.4 Armour
 - Level 10.2 Shields


You had 6 spell levels left.
You didn't know any spells.
Your spell library was empty.

Dungeon Overview and Level Annotations

Branches:
Dungeon (1/1)

Altars:
Elyvilon
Kikubaaqudgha
Okawaru
Sif Muna
Trog
Uskayaw
Vehumet
Wu Jian
Zin
The Shining One
Beogh


Innate Abilities, Weirdness & Mutations

You cannot wear boots.
Your serpentine skin is tough. (AC +2)
You have supernaturally acute eyesight. (SInv)
Armour fits poorly on your strangely shaped body.
Your system is resistant to poisons. (rPois)
You cover ground very slowly.
You have a slow metabolism.
You can spit poison.
You are partially covered in large bone plates. (SH +4)
You are dopey. (Int -2)
Your flesh is heat resistant. (rF+)
You evolve.


Message History

A human comes into view.
The human shouts!
Found a ring mail.
Found five altars.
A human comes into view. It is wielding a +0 hand axe.
The human shouts!
You block the human's attack.
There is an open door here.
You slash the human!
The human is moderately wounded.
The human drinks a potion.
The human seems to grow stronger.
You closely miss the human.
The human is lightly wounded.
You barely miss the human.
The human is lightly wounded.
The human drinks a potion.
The human goes berserk!
The human hits you.
* * * LOW HITPOINT WARNING * * *
You hit the human.
The human is moderately wounded.
The human hits you with a +0 hand axe!
You die...

▓▓▓▓▓▓ ▓▓▓ .....♣
♣.######### ....♣♣♣
♣♣.#___#___# ....♣.♣
♣..#...#pp.#
....≈.♣♣♣..###'#@###+##
...≈≈♣.....#..........#
..≈≈≈≈..♣..'.⌠........#
..≈≈≈≈≈≈♣..#...######'#
.≈≈≈≈≈≈...○#.⌠.# #...#
.≈≈≈≈≈.....#...# #...#
.≈≈≈.......#'### #...#
†..........#)):# #...+
...........#___# +...#


You could see 2 humans.

Vanquished Creatures
  A deep elf mage (D)
  A shadow (D)
  A water elemental (D)
  A scorpion (D)
  A wizard (D)
  A jelly (D)
  A human (D)
  A kobold demonologist (D)
  4 rats (D)
12 creatures vanquished.

Vanquished Creatures (others)
  2 draconian scorchers (D)
  6 hellions (D)
  A yaktaur (D)
9 creatures vanquished.

Grand Total: 21 creatures vanquished

Notes
Turn   | Place    | Note
-------+----------+-------------------------------------------
     0 | D        | MikeHunt the Naga Fighter began the quest for the Orb.
     0 | D        | Reached XP level 1. HP: 21/21 MP: 1/1
    31 | D        | Noticed a scorpion
    41 | D        | Killed a scorpion
    41 | D        | Reached skill level 5 in Long Blades
    41 | D        | Reached XP level 2. HP: 19/28 MP: 2/2
    41 | D        | Reached XP level 3. HP: 23/34 MP: 3/3
    54 | D        | Killed a hellion
    55 | D        | Killed a hellion
    67 | D        | Killed a hellion
    76 | D        | Killed a hellion
    87 | D        | Gained mutation: You are dopey. (Int -2) [potion of
                  | mutation]
    87 | D        | Gained mutation: You have a pair of small antennae on your
                  | head. [potion of mutation]
    88 | D        | Lost mutation: You have a pair of small antennae on your
                  | head. [potion of mutation]
    88 | D        | Gained mutation: Your flesh is heat resistant. (rF+)
                  | [potion of mutation]
    88 | D        | Gained mutation: You evolve. [potion of mutation]
    88 | D        | Gained mutation: You are partially covered in large bone
                  | plates. (SH +4) [potion of mutation]
    95 | D        | Killed a hellion
   122 | D        | Killed a hellion
   135 | D        | Killed a yaktaur
   137 | D        | Killed a white draconian scorcher
   142 | D        | Reached skill level 5 in Shields
   142 | D        | Reached XP level 4. HP: 34/42 MP: 4/4
   173 | D        | Noticed a water elemental
   179 | D        | Killed a water elemental
   179 | D        | Reached skill level 7 in Long Blades
   179 | D        | Reached XP level 5. HP: 19/49 MP: 5/5
   190 | D        | Killed a white draconian scorcher
   660 | D        | Noticed a shadow
   677 | D        | Killed a shadow
   677 | D        | Reached skill level 9 in Long Blades
   677 | D        | Reached XP level 6. HP: 14/56 MP: 6/6
   903 | D        | Found a glowing silver altar of Zin.
   903 | D        | Found a glowing golden altar of the Shining One.
   903 | D        | Found a white marble altar of Elyvilon.
   904 | D        | Noticed a deep elf mage
   931 | D        | Noticed a fire elemental
   931 | D        | Noticed a fire elemental
   938 | D        | Killed a deep elf mage
   938 | D        | Reached skill level 11 in Long Blades
   938 | D        | Reached skill level 10 in Shields
   938 | D        | Reached XP level 7. HP: 21/62 MP: 7/7
   945 | D        | Found a radiant altar of Vehumet.
   946 | D        | Found a deep blue altar of Sif Muna.
   946 | D        | Found an ancient bone altar of Kikubaaqudgha.
   949 | D        | Reached skill level 12 in Long Blades
   955 | D        | Found a hide-covered altar of Uskayaw.
   955 | D        | Found a roughly hewn altar of Beogh.
   955 | D        | Found an iron altar of Okawaru.
   955 | D        | Found a bloodstained altar of Trog.
   955 | D        | Found an ornate altar of the Wu Jian Council.
   955 | D        | Noticed a human
   956 | D        | Noticed a human
   960 | D        | Slain by a human

Levels and vault maps discovered:
D:        dungeon_sprint_mu [sprint_mu_entry_forest, sprint_mu_temple_rooms,
          sprint_mu_d1_horrors, sprint_mu_d2_genie, sprint_mu_d3_branching,
          sprint_mu_orc_legion, sprint_mu_elf_gauntlet, sprint_mu_hive_nellie,
          sprint_mu_lair_fedhas, sprint_mu_vaults_butterflies,
          sprint_mu_slime_circle, sprint_mu_shoals_kraken,
          sprint_mu_snake_twists, sprint_mu_blade_basic,
          sprint_mu_crypt_chambers, sprint_mu_tomb_spiral,
          sprint_mu_vestibule_basic, sprint_mu_gehenna_hellfire,
          sprint_mu_dis_giant, sprint_mu_tartarus_statrot,
          sprint_mu_cocytus_islands, sprint_mu_zot1]

Skill      XL: |  1  2  3  4  5  6  7 |
---------------+----------------------+-----
Long Blades    | 5 7 9 11 12 | 12.0
Shields        | 4 5 6 8 10 | 10.2
Fighting       | |  3.0
Armour         | |  2.4

Action                   |  1- 3 |  4- 6 |  7- 9 || total
-------------------------+-------+-------+-------++-------
Melee: Long sword        |    28 |    48 |     7 ||    83
 Abil: Spit Poison       |     5 |     4 |       ||     9
  Use: Potion            |     3 |     5 |       ||     8
Armor: Scale mail        |     6 |     1 |       ||     7
Dodge: Dodged            |     2 |     4 |     1 ||     7
Block: Shield            |    11 |    17 |     1 ||    29
       Rpst.: Long sword |     1 |     1 |     1 ||     3

Table legend:
 A = Non-vault XP
 B = Vault XP
 C = Vault XP percentage of total XP
 D = Non-vault monster count
 E = Vault monster count
 F = Vault count percentage of total count
                 A         B        C        D         E       F
            +---------+---------+-------+---------+---------+-------
      Total |       0 |    1155 | 100.0 |       0 |      12 | 100.0
            +---------+---------+-------+---------+---------+-------
          D |       0 |    1155 | 100.0 |       0 |      12 | 100.0
            +---------+---------+-------+---------+---------+-------
